 Dungeon Crawl Stone Soup version 0.28.0-47-ge53b351184 (webtiles) character file.

Game seed: 5681712950401432282

4092 bobregger the Fighter (level 10, -5/175 HPs)
             Began as an Ogre Berserker on Apr 30, 2022.
             Was a Follower of Trog.
             Slain by a tengu warrior
             ... wielding a +0 broad axe
              (8 damage)
             ... on level 7 of the Dungeon.
             The game lasted 00:12:22 (12329 turns).

bobregger the Fighter (Ogre Berserker)             Turns: 12329, Time: 00:12:23

Health: -5/175     AC:  3    Str: 23    XL:     10   Next: 26%
Magic:  10/10      EV: 15    Int:  8    God:    Trog [*.....]
Gold:   412        SH:  0    Dex: 18    Spells: 9/9 levels left

rFire   . . .      SeeInvis .   E - +0 flail
rCold   . . .      Faith    .   (no shield)
rNeg    . . .      Spirit   .   b - +0 animal skin
rPois   .          Reflect  .   (helmet restricted)
rElec   .          Harm     .   (no cloak)
rCorr   .          Rampage  .   (gloves unavailable)
Will    ++...                   (boots unavailable)
Stlth   ..........              z - amulet of the acrobat
HPRegen 0.39/turn               e - +6 ring of dexterity
MPRegen 0.12/turn               y - ring of willpower

@: berserking (expiring), very quick
A: large, unfitting armour, tough skin 1
a: Renounce Religion, Berserk


You were on level 7 of the Dungeon.
You worshipped Trog.
Trog was aware of your devotion.
You visited 1 branch of the dungeon, and saw 8 of its levels.

You collected 412 gold pieces.

Inventory:

Hand Weapons
 E - a +0 flail (weapon)
Missiles
 C - 4 throwing nets (quivered)
Armour
 b - a +0 animal skin (worn)
Jewellery
 e - a +6 ring of dexterity (left hand)
 h - a ring of resist corrosion
 u - a ring of protection from cold
 y - a ring of willpower (right hand)
 z - an amulet of the acrobat (around neck)
 B - an amulet of guardian spirit
 D - a ring of see invisible
Wands
 o - a wand of digging (6)
 A - a wand of iceblast (8)
Scrolls
 a - 3 scrolls of silence {unknown}
 c - a scroll of vulnerability {unknown}
 d - 6 scrolls of identify {unknown}
 f - 3 scrolls of enchant armour {unknown}
 g - 2 scrolls of immolation {unknown}
 j - a scroll of fog {unknown}
 k - 3 scrolls of magic mapping {unknown}
 m - a scroll of blinking {unknown}
 p - a scroll of amnesia {unknown}
 s - a scroll of brand weapon {unknown}
 v - 3 scrolls of teleportation {unknown}
Potions
 l - 3 potions of haste {unknown}
 n - 2 potions of lignification {unknown}
 r - 3 potions of might {unknown}
 t - 3 potions of curing {unknown}
 w - 2 potions of magic {unknown}
 x - a potion of flight {unknown}


   Skills:
 * Level 12.5 Fighting
 + Level 6.5 Maces & Flails
 * Level 9.0 Dodging


You had 9 spell levels left.
You didn't know any spells.
Your spell library was empty.

Dungeon Overview and Level Annotations

Branches:
Dungeon (8/15)             Temple (0/1) D:5
   Lair: D:8-11

Altars:
Trog

Shops:
D:2 [   D:4 *   D:5 (


Innate Abilities, Weirdness & Mutations

You are too large for most types of armour.
You have tough skin. (AC +1)


Message History

The tengu warrior misses you. x2
The tengu warrior blocks your attack.
The tengu warrior is moderately wounded.
The tengu warrior blocks your attack.
The tengu warrior is moderately wounded.
The tengu warrior hits you with a +0 broad axe!
* * * LOW HITPOINT WARNING * * *
The tengu warrior pecks you but does no damage.
The tengu warrior claws you.
* * * LOW HITPOINT WARNING * * *
You hit the tengu warrior.
The tengu warrior is moderately wounded.
The tengu warrior hits you with a +0 broad axe!!
* * * LOW HITPOINT WARNING * * *
The tengu warrior misses you.
The tengu warrior completely misses you.
You closely miss the tengu warrior.
The tengu warrior is moderately wounded.
You hit the tengu warrior.
The tengu warrior is moderately wounded.
The tengu warrior barely misses you. The tengu warrior pecks you.
* * * LOW HITPOINT WARNING * * *
The tengu warrior completely misses you.
The tengu warrior blocks your attack.
The tengu warrior is moderately wounded.
The tengu warrior closely misses you. The tengu warrior pecks you.
* * * LOW HITPOINT WARNING * * *
The tengu warrior claws you.
* * * LOW HITPOINT WARNING * * *
You miss the tengu warrior.
The tengu warrior is moderately wounded.
You thump the tengu warrior!
The tengu warrior is heavily wounded.
The tengu warrior barely misses you.
The tengu warrior pecks you but does no damage.
The tengu warrior closely misses you. The tengu warrior blocks your attack.
The tengu warrior is heavily wounded.
The tengu warrior hits you with a +0 broad axe!
You die...

.# #.####.## #...## .#
#.#....# #....# .#
#.#....# #<...# .#
#.#..### #....#
.#########.#..########..[#
....................##...#
####....##.##.####...#...#
######..##.##.##>).#######
....>........).Q@####
..........))[.......#
#####.#####.)######## #
#.(<....## ####..#.######
#######
###.........###.....#
#...####.##.........#
##.### #.######.....# #..#
#..# #.....#


You could see a tengu warrior.

Vanquished Creatures
  A two-headed ogre (D:7)
  6 yaks
  Eustachio (D:5)
  Menkaure (D:4)
  A water moccasin (D:5)
  An orc warrior (D:7)
  5 black bears
  An ice beast (D:4)
  3 sky beasts
  An ogre (D:4)
  A phantom (D:5)
  Blork the orc (D:6)
  A bullfrog (D:7)
  A water moccasin zombie (D:3)
  A wyvern skeleton (D:5)
  3 wights (D:6)
  3 bullfrog zombies (D:6)
  3 jellies
  6 orc priests
  2 hounds
  A bullfrog skeleton (D:5)
  2 iguanas (D:5)
  4 orc wizards
  Natasha (D:2)
  2 hound skeletons (D:4)
  2 howler monkey zombies
  4 gnolls
  5 adders
  A worm (D:3)
  4 dart slugs
  17 orcs
  6 ball pythons
  A bat (D:1)
  8 endoplasms
  3 giant cockroaches
  4 goblins
  7 hobgoblins
  2 jackals (D:2)
  8 quokkas
  2 frilled lizards (D:3)
  5 kobolds
  9 rats
141 creatures vanquished.

Vanquished Creatures (others)
  3 plants (D:1)
3 creatures vanquished.

Grand Total: 144 creatures vanquished

Notes
Turn   | Place    | Note
-------+----------+-------------------------------------------
     0 | D:1      | bobregger the Ogre Berserker began the quest for the Orb.
     0 | D:1      | Reached XP level 1. HP: 24/24 MP: 1/1
    58 | D:1      | You fall into a shaft and drop 1 floor!
    66 | D:2      | Reached XP level 2. HP: 33/33 MP: 2/2
   328 | D:1      | Reached XP level 3. HP: 32/40 MP: 3/3
  1143 | D:2      | Found Qishry's Antique Armour Emporium.
  1208 | D:2      | Reached skill level 5 in Fighting
  1370 | D:2      | Reached ** piety under Trog
  1420 | D:2      | Found a faded altar of an unknown god.
  1428 | D:2      | Reached XP level 4. HP: 50/50 MP: 4/4
  1674 | D:2      | Noticed Natasha
  1679 | D:2      | Killed Natasha
  2017 | D:3      | Reached XP level 5. HP: 54/59 MP: 5/5
  2026 | D:3      | Reached skill level 6 in Fighting
  2828 | D:4      | Reached XP level 6. HP: 47/67 MP: 6/6
  3401 | D:4      | Found Ycliump's Assorted Antiques.
  3969 | D:4      | Reached skill level 7 in Fighting
  4038 | D:4      | Noticed Menkaure
  4047 | D:4      | Killed Menkaure
  4048 | D:4      | Reached skill level 5 in Dodging
  4048 | D:4      | Reached XP level 7. HP: 78/78 MP: 7/7
  4482 | D:5      | Entered Level 5 of the Dungeon
  4744 | D:5      | Found a staircase to the Ecumenical Temple.
  4892 | D:5      | Reached skill level 8 in Fighting
  4892 | D:5      | Reached XP level 8. HP: 46/88 MP: 8/8
  6136 | D:5      | Found Udaseq's Weapon Emporium.
  6138 | D:5      | Noticed Eustachio
  6732 | D:5      | Killed Eustachio
  6863 | D:4      | Reached skill level 9 in Fighting
  7425 | D:6      | Reached skill level 5 in Maces & Flails
  7869 | D:6      | Reached skill level 10 in Fighting
  7869 | D:6      | Reached XP level 9. HP: 99/99 MP: 9/9
  8531 | D:6      | Noticed Blork the orc
  8546 | D:6      | Killed Blork the orc
 10426 | D:7      | Reached skill level 11 in Fighting
 10814 | D:7      | Found a bloodstained altar of Trog.
 10989 | D:8      | Noticed a two-headed ogre
 11729 | D:7      | Reached skill level 12 in Fighting
 11729 | D:7      | Reached XP level 10. HP: 103/115 MP: 10/10
 11740 | D:7      | Killed a two-headed ogre
 11740 | D:7      | HP: 3/172 [yak (7)]
 12275 | D:8      | Noticed a tengu warrior
 12323 | D:7      | HP: 5/175 [tengu warrior/+0 broad axe (18)]
 12326 | D:7      | HP: 2/175 [tengu warrior/+0 broad axe (2)]
 12329 | D:7      | Slain by a tengu warrior

Illustrated notes

Levels and vault maps discovered:
D:1:      minmay_arrival_cross, layout_loops_ring, serial_rivers,
          chequers_serial_rivers_small_3, chequers_serial_rivers_room_b,
          chequers_serial_rivers_small_3, chequers_serial_rivers_micro_d,
          serial_bayou_lagoon_a, serial_bayou_pond_e, minmay_rat_gold_closets
D:2:      layout_basic, hellmonk_ecumenical_altar_dog_temple, serial_shops,
          nicolae_shop_overgrown_old_shop, uniq_natasha
D:3:      layout_rooms, grunt_decor_junction
D:4:      layout_loops_corners, serial_shops, nicolae_shop_waterfront,
          minmay_ruptured, uniq_menkaure
D:5:      layout_loops_cross, minmay_temple_entry_glassed_door, serial_shops,
          kennysheep_little_box, uniq_eustachio
D:6:      layout_rooms, serial_co_window_serial, co_window_corner_a,
          co_window_paths_a, co_window_cross_1, co_window_corner_a,
          co_window_corner_a, co_window_paths_b, co_window_corner_a,
          co_window_unsneaky_path_d, co_window_cross_2, co_window_corner_b,
          co_window_2corner, co_window_corner_ca, co_window_broadway_b,
          glass_columns_b, glass_columns_a, glass_columns_a, glass_columns_a,
          glass_columns_b, uniq_blork_the_orc
D:7:      layout_rooms, mainiacjoe_overflow_cross_hatched
D:8:      layout_rooms

Skill      XL: |  1  2  3  4  5  6  7  8  9 10 |
---------------+-------------------------------+-----
Dodging        | 3 4 5 7 8 9 |  9.0
Maces & Flails | 3 4 5 6 |  6.5
Fighting       | 5 6 7 8 10 12 | 12.5

Action                   |  1- 3 |  4- 6 |  7- 9 | 10-12 || total
-------------------------+-------+-------+-------+-------++-------
Melee: Mace              |   107 |   165 |    64 |       ||   336
       Punch             |     2 |     2 |     6 |       ||    10
       Flail             |       |       |   301 |    30 ||   331
Invok: Berserk           |     1 |     4 |    15 |     3 ||    23
       Trog's Hand       |       |       |     3 |       ||     3
  Use: Potion            |       |       |     6 |     2 ||     8
 Stab: Sleeping          |     1 |     1 |     1 |       ||     3
Armor: Animal skin       |    23 |    34 |    85 |     4 ||   146
Dodge: Dodged            |    78 |    82 |   431 |    48 ||   639
